Map: 凯罗斯中转站-天梯版

Players

Dark - Winner!

  • Race: Zerg Zerg
  • League: Gold

Elazer

  • Race: Zerg Zerg

Event: WESG 2018 Grand Finals

VOD

Have the link to the VOD?

Description

Time

  • Played on: March 11, 2019, 6:34 a.m.
  • Length: 9:34

All games in this series

Show
View Real Time Build Order
Export as new Build Order

Dark Zerg - Winner!

Build Orders: Pool First 

Get SALT Encoding   

  12  0:17  Spawning Pool  
  11  0:22  Drone  
  11  0:27  Drone  
  13  0:31  Drone  
  14  0:40  Overlord  
  14  1:04  Zergling x4  
  14  1:05  Zergling x2  
  17  1:15  Zergling x2  
  18  1:19  Hatchery  
  17  1:27  Zergling x2  
  18  1:33  Queen  
  18  1:38  Zergling x2  
  21  1:47  Overlord  
  21  2:00  Drone  
  22  2:12  Drone  
  23  2:22  Drone  
  20  2:30  Queen  
  20  2:31  Queen  
  20  2:33  Drone x2  
  26  2:42  Zergling x4  
  28  2:52  Overlord  
  28  2:53  Drone  
  29  3:04  Drone x4  
  32  3:07  Queen  
  34  3:13  Drone  
  34  3:16  Drone x3  
  38  3:24  Overlord  
  38  3:28  Drone x2  
  40  3:36  Extractor x2  
  40  3:39  Overlord  
  38  3:48  Drone  
  38  3:49  Drone x2  
  38  3:54  Drone x3  
  38  3:55  Drone  
  44  3:57  Drone  
  44  4:02  Drone  
  46  4:07  Evolution Chamber  
  46  4:09  Roach Warren, Drone  
  45  4:12  Drone  
  45  4:16  Drone  
  47  4:23  Drone  
  48  4:24  Lair  
  48  4:25  Overlord  
  48  4:26  Drone x3  
  51  4:32  Drone x3  
  51  4:38  Extractor  
  53  4:43  Drone  
  54  4:46  Zerg Missile Weapons Level 1  
  54  4:51  Hatchery  
  53  4:57  Overlord  
  53  5:02  Roach x4  
  53  5:04  Roach  
  63  5:09  Overlord  
  63  5:10  Overlord  
  63  5:15  Roach x2  
  63  5:18  Roach  
  63  5:19  Roach  
  70  5:27  Glial Reconstitution  
  70  5:31  Roach  
  70  5:35  Roach  
  74  5:37  Drone x2  
  74  5:39  Roach  
  74  5:40  Roach, Extractor  
  74  5:41  Overlord  
  74  5:42  Overlord  
  79  5:46  Roach  
  79  5:47  Roach  
  83  5:54  Roach  
  83  5:55  Roach  
  87  6:00  Roach x2  
  91  6:04  Roach  
  91  6:05  Roach  
  91  6:07  Overlord  
  91  6:09  Overseer  
  95  6:14  Overlord  
  95  6:16  Roach x2  
  95  6:17  Drone  
  99  6:20  Drone  
  100  6:32  Roach x2  
  104  6:42  Drone x5  
  104  6:43  Zerg Missile Weapons Level 2  
  104  6:44  Drone x3  
  104  6:46  Drone  
  113  6:48  Drone  
  113  6:54  Drone  
  113  6:56  Drone  
  102  7:10  Pneumatized Carapace  
  90  7:16  Roach x8  
  90  7:18  Drone  
  90  7:19  Evolution Chamber  
  106  7:25  Roach x3  
  114  7:30  Roach x3  
  114  7:32  Roach x2  
  122  7:37  Extractor  
  122  7:38  Drone x4  
  122  7:42  Drone  
  126  7:48  Drone x3  
  126  7:49  Overlord x2  
  126  7:50  Overlord  
  126  7:51  Overlord  
  129  7:55  Roach, Extractor  
  130  8:02  Overlord x2  
  130  8:03  Overlord  
  130  8:11  Roach x4  
  138  8:14  Roach  
  138  8:15  Roach x3  
  138  8:18  Roach  
  138  8:19  Roach  
  150  8:21  Roach  
  152  8:30  Hatchery  
  151  8:35  Ravager x2  
  151  8:36  Ravager x4  
  151  8:38  Roach x3  
  163  8:45  Roach x4  
  163  8:47  Overlord  
  171  9:01  Roach  
  136  9:12  Roach x3  
  136  9:13  Roach x6  
Show
View Real Time Build Order
Export as new Build Order

Elazer Zerg 

Build Orders: Hatch First 

Get SALT Encoding   

  12  0:00  Drone  
  13  0:12  Overlord  
  13  0:16  Drone  
  14  0:30  Drone x2  
  16  0:48  Hatchery  
  15  0:51  Drone  
  15  0:54  Drone  
  17  1:08  Spawning Pool  
  17  1:11  Drone  
  17  1:14  Drone  
  17  1:17  Drone  
  19  1:22  Extractor  
  18  1:28  Drone  
  20  1:55  Zergling x4  
  20  1:59  Queen x2  
  20  2:00  Zergling x4  
  28  2:11  Zergling x2  
  28  2:14  Overlord  
  22  2:27  Drone x2  
  23  2:33  Drone x2  
  25  2:43  Drone x2  
  27  2:54  Drone x2  
  29  3:04  Drone  
  29  3:07  Overlord  
  29  3:08  Drone x4  
  29  3:10  Drone  
  34  3:17  Drone  
  35  3:20  Extractor  
  35  3:22  Drone x2, Extractor  
  35  3:27  Queen  
  35  3:30  Drone  
  35  3:33  Drone  
  39  3:40  Drone x4  
  43  3:42  Drone  
  43  3:52  Drone  
  43  3:54  Overlord  
  42  3:59  Evolution Chamber  
  42  4:00  Drone x2  
  43  4:06  Roach Warren  
  43  4:08  Evolution Chamber  
  43  4:09  Drone x3  
  44  4:13  Drone  
  44  4:15  Drone x2  
  48  4:19  Drone  
  48  4:20  Evolution Chamber  
  48  4:23  Lair  
  48  4:26  Extractor  
  48  4:29  Zerg Missile Weapons Level 1  
  47  4:32  Overlord  
  47  4:33  Drone  
  48  4:39  Overlord  
  48  4:45  Overlord  
  48  4:46  Roach x2  
  48  4:49  Overlord  
  52  4:58  Roach x4  
  60  5:01  Overlord  
  60  5:07  Roach  
  62  5:18  Roach x2  
  62  5:21  Glial Reconstitution  
  66  5:23  Hatchery  
  66  5:27  Overseer  
  65  5:30  Overlord  
  65  5:31  Roach x2  
  69  5:38  Overlord, Drone  
  69  5:39  Roach  
  72  5:47  Roach x2  
  76  5:52  Overlord  
  76  5:54  Roach x2  
  80  6:00  Roach x3  
  86  6:06  Drone x2  
  88  6:14  Drone  
  88  6:16  Drone  
  90  6:20  Drone x2, Extractor  
  90  6:21  Pneumatized Carapace, Drone  
  90  6:22  Drone x3  
  95  6:27  Overlord  
  95  6:29  Drone  
  96  6:36  Overlord  
  96  6:37  Roach  
  98  6:42  Spine Crawler, Roach  
  97  6:48  Zerg Missile Weapons Level 2  
  97  6:49  Roach x3  
  97  6:51  Roach  
  103  6:55  Overlord  
  97  7:03  Roach x4  
  97  7:08  Overlord  
  97  7:09  Roach  
  97  7:12  Roach  
  93  7:21  Roach x4  
  97  7:23  Drone  
  94  7:30  Drone x3  
  94  7:34  Queen  
  94  7:36  Drone x2  
  99  7:38  Drone  
  99  7:40  Drone x2  
  102  7:46  Queen  
  102  7:48  Drone x2  
  107  7:51  Drone x2  
  107  7:54  Ravager  
  107  7:55  Ravager x3  
  112  7:59  Drone x2, Extractor  
  112  8:04  Overlord  
  112  8:05  Roach  
  115  8:09  Overlord  
  115  8:15  Roach x5  
  125  8:24  Overlord  
  125  8:26  Drone x2  
  127  8:30  Extractor  
  127  8:31  Drone  
  127  8:34  Drone  
  127  8:36  Hatchery  
  127  8:37  Overlord  
  127  8:42  Roach x3  
  133  8:49  Overseer  
  133  8:50  Overlord  
  133  8:51  Roach x2  
  137  9:00  Roach x7  
  135  9:09  Roach x3  
Tags
 
Add a new tag
Caveats
  • Supply blocks, unpowered buildings, or Contaminate may cause inaccurate times.
  • Supply counts are checked every 10 seconds.